[Event "Polugaevsky Memorial 2019"]
[Site "Samara"]
[Date "2019.07.11"]
[Round "2.10"]
[White "Tunik, Gennady"]
[Black "Mochalin, Faddey"]
[Result "1-0"]
[ECO "D48"]
[WhiteElo "2371"]
[BlackElo "2115"]
[Annotator "NA"]
[PlyCount "95"]
[EventDate "2019.07.10"]
[EventType "swiss"]
[EventCountry "RUS"]
[SourceTitle "playchess.com"]
[Source "ChessBase"]
[SourceQuality "1"]
[TimeControl "5400+30"]

1. d4 d5 2. c4 e6 3. Nf3 Nf6 4. Nc3 c6 5. e3 Nbd7 6. Bd3 dxc4 7. Bxc4 b5 8. Bd3 a6 9. a4 b4 10. Ne4 c5 11. Nxf6+ Nxf6 12. dxc5 Bxc5 13. Qe2 O-O 14. e4 Be7 15. O-O Bb7 16. Rd1 Qb8 17. b3 Rd8 18. Bb2 Nd7 19. Rac1 Nc5 20. Be5 Qa7 21. Bc2 Rac8 22. Rxd8+ Rxd8 23. Qe3 Qa8 24. Re1 f6 25. Bb2 Qc8 26. Rc1 e5 27. h3 Qa8 28. Nd2 a5 29. Nc4 Nxe4 30. Qb6 Bc5 31. Qe6+ Kh8 32. Bxe4 Bxe4 33. Nxe5 fxe5 34. Rxc5 Bxg2 35. Kh2 Bf1 36. Qg4 Qa7 37. Bxe5 Rg8 38. Bd4 Qf7 39. Qg3 Qd7 40. Be5 Qd8 41. Rc7 Qf8 42. f4 Ba6 43. h4 Be2 44. Qg5 Bd1 45. h5 Bxb3 46. h6 Bf7 47. hxg7+ Rxg7 48. Rc8 1-0

[Event "Polugaevsky Memorial 2019"]
[Site "Samara"]
[Date "2019.07.12"]
[Round "3.1"]
[White "Goganov, Aleksey"]
[Black "Mamatov, Melis"]
[Result "1-0"]
[ECO "D11"]
[WhiteElo "2561"]
[BlackElo "2269"]
[Annotator "ChessBase"]
[PlyCount "43"]
[EventDate "2019.07.10"]
[EventType "swiss"]
[EventCountry "RUS"]
[SourceTitle "playchess.com"]
[Source "ChessBase"]
[SourceQuality "1"]
[TimeControl "5400+30"]

1. d4 d5 2. c4 c6 3. Nf3 Nf6 4. e3 e6 5. Bd3 Nbd7 6. b3 Bd6 7. Bb2 b6 8. O-O Bb7 9. Nc3 O-O 10. Qc2 Rc8 11. Rad1 Re8 12. e4 dxe4 13. Nxe4 Nxe4 14. Bxe4 f5 15. Bd3 Qc7 16. Rfe1 Re7 17. c5 bxc5 18. Bc4 Kh8 19. Rxe6 Nf8 20. Rxe7 Qxe7 21. dxc5 Bxc5 22. Ne5 1-0

[Event "Polugaevsky Memorial 2019"]
[Site "Samara"]
[Date "2019.07.12"]
[Round "3.2"]
[White "Ovetchkin, Roman"]
[Black "Mnatsakanian, Arsen"]
[Result "1/2-1/2"]
[ECO "B06"]
[WhiteElo "2538"]
[BlackElo "2231"]
[Annotator "ChessBase"]
[PlyCount "138"]
[EventDate "2019.07.10"]
[EventType "swiss"]
[EventCountry "RUS"]
[SourceTitle "playchess.com"]
[Source "ChessBase"]
[SourceQuality "1"]
[TimeControl "5400+30"]

1. e4 g6 2. d4 Bg7 3. Nc3 d6 4. Be3 Nf6 5. Qd2 c6 6. Nf3 Qc7 7. h3 Nbd7 8. Bd3 a5 9. O-O O-O 10. Ne2 e5 11. dxe5 dxe5 12. a4 Rd8 13. Ng3 Nf8 14. Qc3 Re8 15. Rad1 b6 16. Bc4 Be6 17. Nd2 N6d7 18. Bb3 Bxb3 19. Nxb3 Ne6 20. Qc4 Bf8 21. Rd2 Ndc5 22. Rfd1 Red8 23. Nxc5 Bxc5 24. Bxc5 Nxc5 25. b3 Rxd2 26. Rxd2 Rd8 27. Nf1 Rd6 28. f3 Ne6 29. Qc3 Rxd2 30. Nxd2 Qd6 31. Kf2 b5 32. g3 Nd4 33. h4 h5 34. Nf1 Qa3 35. axb5 cxb5 36. Qc8+ Qf8 37. Qc7 a4 38. bxa4 bxa4 39. Qxe5 Nxc2 40. Qc3 Nb4 41. Ne3 Qd6 42. f4 a3 43. e5 Qb6 44. Qxa3 Nc2 45. Qc3 Nxe3 46. Qxe3 Qb2+ 47. Kf3 Qb7+ 48. Qe4 Qb3+ 49. Kg2 Qb2+ 50. Kh3 Qf2 51. Qg2 Qe3 52. Qf1 Kg7 53. Kg2 Qe4+ 54. Qf3 Qe1 55. Qd3 Kh7 56. Kf3 Kg7 57. Qe3 Qf1+ 58. Ke4 Qh1+ 59. Kd4 Qd1+ 60. Kc5 Qd7 61. Qc3 Qa7+ 62. Kd6 Qb6+ 63. Qc6 Qd8+ 64. Kc5 Qa5+ 65. Kc4 Qa2+ 66. Kd3 Qf2 67. Qf6+ Kg8 68. e6 Qf1+ 69. Kd2 Qf2+ 1/2-1/2

[Event "Polugaevsky Memorial 2019"]
[Site "Samara"]
[Date "2019.07.12"]
[Round "3.3"]
[White "Skatchkov, Valery"]
[Black "Gabrielian, Artur"]
[Result "1/2-1/2"]
[ECO "D70"]
[WhiteElo "2314"]
[BlackElo "2458"]
[Annotator "ChessBase"]
[PlyCount "64"]
[EventDate "2019.07.10"]
[EventType "swiss"]
[EventCountry "RUS"]
[SourceTitle "playchess.com"]
[Source "ChessBase"]
[SourceQuality "1"]
[TimeControl "5400+30"]

1. d4 Nf6 2. c4 g6 3. Nf3 Bg7 4. g3 O-O 5. Bg2 c6 6. O-O d5 7. Qb3 Qb6 8. Nc3 Rd8 9. Rd1 Bf5 10. Ne1 dxc4 11. Qxc4 Na6 12. e4 Bg4 13. Nf3 Qb4 14. Qb3 e5 15. dxe5 Nxe4 16. Be3 Qxb3 17. axb3 Nxc3 18. bxc3 Bxf3 19. Bxf3 Bxe5 20. Rxd8+ Rxd8 21. Bxc6 Bxc3 22. Ra4 bxc6 23. Rxa6 Bd4 24. Bxd4 Rxd4 25. Rxc6 Rb4 26. Rc7 Rxb3 27. Rxa7 h5 28. h4 Rc3 29. Kg2 Rb3 30. Kg1 Rc3 31. Kg2 Rb3 32. Kg1 Rc3 1/2-1/2

[Event "Polugaevsky Memorial 2019"]
[Site "Samara"]
[Date "2019.07.12"]
[Round "3.4"]
[White "Rodchenkov, Vitaly"]
[Black "Gaifullin, Artur"]
[Result "1/2-1/2"]
[ECO "D35"]
[WhiteElo "2302"]
[BlackElo "2453"]
[Annotator "ChessBase"]
[PlyCount "85"]
[EventDate "2019.07.10"]
[EventType "swiss"]
[EventCountry "RUS"]
[SourceTitle "playchess.com"]
[Source "ChessBase"]
[SourceQuality "1"]
[TimeControl "5400+30"]

1. c4 e6 2. Nc3 d5 3. d4 Nf6 4. cxd5 exd5 5. Bg5 Be7 6. e3 c6 7. Bd3 Nbd7 8. Bf4 O-O 9. h3 Re8 10. Qc2 Nf8 11. Nge2 Ng6 12. Bh2 Nh4 13. Bg3 Ne4 14. Bxh4 Bxh4 15. g3 Bf6 16. Nxe4 dxe4 17. Bxe4 Qa5+ 18. Qc3 Qxc3+ 19. Nxc3 Bxd4 20. exd4 f5 21. f3 fxe4 22. fxe4 Bf5 23. O-O-O Bxe4 24. Nxe4 Rxe4 25. Rhe1 Rae8 26. Rxe4 Rxe4 27. Kc2 Kf7 28. Kd3 Re6 29. Rf1+ Ke7 30. Rf3 Rg6 31. Re3+ Kd6 32. Rf3 h5 33. Re3 Rg5 34. Rf3 g6 35. Ke4 Ke6 36. Rb3 b6 37. Rc3 Kd6 38. Rf3 Ke6 39. Rc3 Kd7 40. Ra3 a5 41. Rf3 Rb5 42. b3 Ke6 43. Rc3 {[%emt 0:00:00] Ke5+} 1/2-1/2

[Event "Polugaevsky Memorial 2019"]
[Site "Samara"]
[Date "2019.07.12"]
[Round "3.5"]
[White "Kopylov, Alexander A."]
[Black "Yuferev, Oleg"]
[Result "1-0"]
[ECO "A01"]
[WhiteElo "2410"]
[BlackElo "2195"]
[Annotator "ChessBase"]
[PlyCount "77"]
[EventDate "2019.07.10"]
[EventType "swiss"]
[EventCountry "RUS"]
[SourceTitle "playchess.com"]
[Source "ChessBase"]
[SourceQuality "1"]
[TimeControl "5400+30"]

1. b3 c5 2. Bb2 b6 3. Nf3 Bb7 4. g3 Nf6 5. Bg2 e6 6. O-O Be7 7. e3 O-O 8. c4 d6 9. Qc2 Nbd7 10. Nc3 Rc8 11. Rad1 Qc7 12. d3 a6 13. Qe2 Rfe8 14. Ne1 Bxg2 15. Nxg2 Qb7 16. f4 b5 17. g4 b4 18. Na4 Nb8 19. f5 e5 20. g5 Nfd7 21. Qg4 d5 22. f6 Bf8 23. fxg7 Bxg7 24. Qf3 f6 25. cxd5 fxg5 26. Qf7+ Kh8 27. e4 Rg8 28. Ne3 Rcf8 29. Qe7 Re8 30. Qf7 Ref8 31. Qe6 Re8 32. Qh3 Nf6 33. Nxc5 Qa7 34. Ne6 g4 35. Qg3 Nh5 36. Qe1 Nd7 37. Kh1 Nf8 38. Nxg7 Qxg7 39. Rf5 1-0

[Event "Polugaevsky Memorial 2019"]
[Site "Samara"]
[Date "2019.07.12"]
[Round "3.6"]
[White "Karpeshov, Oleg"]
[Black "Shapiro, David"]
[Result "1/2-1/2"]
[ECO "C42"]
[WhiteElo "2286"]
[BlackElo "2410"]
[Annotator "ChessBase"]
[PlyCount "81"]
[EventDate "2019.07.10"]
[EventType "swiss"]
[EventCountry "RUS"]
[SourceTitle "playchess.com"]
[Source "ChessBase"]
[SourceQuality "1"]
[TimeControl "5400+30"]

1. e4 e5 2. Nf3 Nf6 3. Nxe5 d6 4. Nf3 Nxe4 5. d4 d5 6. Bd3 Bd6 7. O-O O-O 8. c4 c6 9. Nc3 Nxc3 10. bxc3 Bg4 11. h3 Bh5 12. Re1 dxc4 13. Bxc4 Nd7 14. a4 Qc7 15. g4 Bg6 16. Nh4 c5 17. Nxg6 hxg6 18. Ba2 Nf6 19. Qf3 cxd4 20. cxd4 Rfe8 21. Be3 Re7 22. Rec1 Qa5 23. Rab1 Rb8 24. Bb3 Rbe8 25. Rc2 Ne4 26. Rbc1 Ng5 27. Bxg5 Qxg5 28. Rc8 Qf4 29. Qxf4 Bxf4 30. R1c3 Kf8 31. Kg2 Rd7 32. Rxe8+ Kxe8 33. Rc4 Rc7 34. Rxc7 Bxc7 35. Kf3 Ke7 36. Ke4 a6 37. Bd5 b5 38. axb5 axb5 39. Bc6 b4 40. Bd5 f6 41. Bb3 1/2-1/2

[Event "Polugaevsky Memorial 2019"]
[Site "Samara"]
[Date "2019.07.12"]
[Round "3.7"]
[White "Gusarov, Aleksey"]
[Black "Tunik, Gennady"]
[Result "1/2-1/2"]
[ECO "B22"]
[WhiteElo "2258"]
[BlackElo "2371"]
[Annotator "ChessBase"]
[PlyCount "83"]
[EventDate "2019.07.10"]
[EventType "swiss"]
[EventCountry "RUS"]
[SourceTitle "playchess.com"]
[Source "ChessBase"]
[SourceQuality "1"]
[TimeControl "5400+30"]

1. e4 c5 2. c3 Nf6 3. e5 Nd5 4. d4 cxd4 5. cxd4 d6 6. Nf3 Nc6 7. Bc4 Nb6 8. Bxf7+ Kxf7 9. Ng5+ Kg8 10. e6 Qe8 11. d5 h6 12. Nf7 Nxd5 13. Qxd5 Bxe6 14. Qxe6 Qxf7 15. Qe3 e6 16. O-O d5 17. Re1 Re8 18. Qg3 Kh7 19. Nc3 Bc5 20. Be3 Bxe3 21. fxe3 Qg6 22. Qd6 Rd8 23. Qc7 Rb8 24. Rf1 Rhc8 25. Qd6 Na5 26. Rf3 Nc4 27. Qe7 Re8 28. Qc7 Rec8 29. Qe7 Ne5 30. Rf4 Qe8 31. Qa3 Nc4 32. Qxa7 Nxb2 33. Ne2 Nd3 34. Rg4 Ne5 35. Rg3 Nc6 36. Qb6 Qd8 37. Qb1+ Kh8 38. Nf4 Qd7 39. Qg6 Re8 40. Rf1 Re7 41. Qg4 Rf7 42. Qxe6 1/2-1/2

[Event "Polugaevsky Memorial 2019"]
[Site "Samara"]
[Date "2019.07.12"]
[Round "3.8"]
[White "Lysenko, Margarita"]
[Black "Mukhutdinov, Tigran"]
[Result "1/2-1/2"]
[ECO "D74"]
[WhiteElo "2224"]
[BlackElo "2328"]
[Annotator "NA"]
[PlyCount "65"]
[EventDate "2019.07.10"]
[EventType "swiss"]
[EventCountry "RUS"]
[SourceTitle "playchess.com"]
[Source "ChessBase"]
[SourceQuality "1"]
[TimeControl "5400+30"]

1. d4 Nf6 2. c4 g6 3. Nf3 Bg7 4. g3 O-O 5. Bg2 d5 6. cxd5 Nxd5 7. O-O Nc6 8. Nc3 e5 9. Bg5 f6 10. Bc1 Be6 11. dxe5 Nxc3 12. bxc3 Qxd1 13. Rxd1 fxe5 14. Ng5 Bc4 15. Bd5+ Bxd5 16. Rxd5 Rfd8 17. e4 Ne7 18. Rxd8+ Rxd8 19. Be3 b6 20. Ne6 Rd7 21. Kf1 Bf6 22. Ke2 Kf7 23. Ng5+ Bxg5 24. Bxg5 Nc8 25. f3 Ke6 26. h4 h5 27. Rd1 Nd6 28. Bc1 Rf7 29. Ba3 Nc4 30. Bc1 Nd6 31. Ba3 Nc4 32. Bc1 Nd6 33. Ba3 1/2-1/2

[Event "Polugaevsky Memorial 2019"]
[Site "Samara"]
[Date "2019.07.12"]
[Round "3.9"]
[White "Zhigalko, Andrey"]
[Black "Aukhatov, Roman"]
[Result "1/2-1/2"]
[ECO "B29"]
[WhiteElo "2549"]
[BlackElo "2119"]
[Annotator "ChessBase"]
[PlyCount "81"]
[EventDate "2019.07.10"]
[EventType "swiss"]
[EventCountry "RUS"]
[SourceTitle "playchess.com"]
[Source "ChessBase"]
[SourceQuality "1"]
[TimeControl "5400+30"]

1. e4 c5 2. Nf3 Nf6 3. e5 Nd5 4. Nc3 e6 5. Nxd5 exd5 6. d4 Nc6 7. c3 cxd4 8. Nxd4 d6 9. Bb5 Bd7 10. exd6 Bxd6 11. O-O O-O 12. Nf3 Bg4 13. h3 Bh5 14. Be2 Bc5 15. Bg5 Qd6 16. Qd2 Bxf3 17. Bxf3 d4 18. Rad1 Qg6 19. cxd4 Nxd4 20. Bxb7 Rab8 21. Bd5 Qd6 22. Be4 f5 23. Be3 fxe4 24. Bxd4 Rfd8 25. Be3 Qxd2 26. Bxd2 Rxb2 27. Be3 Rxd1 28. Rxd1 Bxe3 29. fxe3 Rxa2 30. Rd4 Kf7 31. Rxe4 Re2 32. Ra4 Rxe3 33. Rxa7+ Kf6 34. Kf2 Re6 35. Kf3 Rb6 36. Ra3 h5 37. Re3 g6 38. g3 Ra6 39. Rb3 Rc6 40. Ra3 Rb6 41. Ke4 {Ke5+} 1/2-1/2

[Event "Polugaevsky Memorial 2019"]
[Site "Samara"]
[Date "2019.07.12"]
[Round "3.10"]
[White "Gorshkov, Yury S."]
[Black "Utegaliyev, Azamat"]
[Result "0-1"]
[ECO "A05"]
[WhiteElo "2118"]
[BlackElo "2510"]
[Annotator "ChessBase"]
[PlyCount "71"]
[EventDate "2019.07.10"]
[EventType "swiss"]
[EventCountry "RUS"]
[SourceTitle "playchess.com"]
[Source "ChessBase"]
[SourceQuality "1"]
[TimeControl "5400+30"]

1. Nf3 Nf6 2. c4 g6 3. b4 Bg7 4. Bb2 O-O 5. g3 b6 6. Bg2 Bb7 7. O-O d6 8. d3 Nbd7 9. Nc3 a6 10. a3 h6 11. Qb3 Qc8 12. e4 e6 13. Rad1 c5 14. Rfe1 Qc7 15. h3 Rab8 16. b5 a5 17. Nh2 Rbd8 18. f4 Rfe8 19. Nf3 Nf8 20. g4 N6h7 21. Ne2 Bxb2 22. Qxb2 d5 23. cxd5 exd5 24. e5 d4 25. Ng3 Ne6 26. Qd2 g5 27. fxg5 Bxf3 28. Bxf3 Nexg5 29. Bg2 Rxe5 30. Nf5 Rxf5 31. gxf5 Qg3 32. Kh1 Nf6 33. Bc6 Kh7 34. Qh2 Qh4 35. Bg2 Nh5 36. Qc7 0-1

[Event "Polugaevsky Memorial 2019"]
[Site "Samara"]
[Date "2019.07.13"]
[Round "4.1"]
[White "Kopylov, Alexander A."]
[Black "Goganov, Aleksey"]
[Result "1-0"]
[ECO "A28"]
[WhiteElo "2410"]
[BlackElo "2561"]
[Annotator "ChessBase"]
[PlyCount "71"]
[EventDate "2019.07.10"]
[EventType "swiss"]
[EventCountry "RUS"]
[SourceTitle "playchess.com"]
[Source "ChessBase"]
[SourceQuality "1"]
[TimeControl "5400+30"]

1. c4 e5 2. Nc3 Nf6 3. Nf3 Nc6 4. e3 Bb4 5. Qc2 Bxc3 6. bxc3 O-O 7. e4 d6 8. d3 Nd7 9. Be2 Qe7 10. O-O Nc5 11. Be3 f5 12. exf5 Bxf5 13. Bxc5 dxc5 14. Rfe1 Rad8 15. Bf1 e4 16. Qb2 Rd6 17. Re3 Re6 18. dxe4 Bxe4 19. Nd2 Bg6 20. Rae1 Rxe3 21. Rxe3 Qd6 22. Ne4 Bxe4 23. Rxe4 Qf6 24. Qd2 Ne5 25. Qd5+ Nf7 26. Qxc5 Nd6 27. Re2 Qxc3 28. Qxc7 Qd4 29. c5 Ne4 30. Qxb7 Nd2 31. c6 Nxf1 32. Qb3+ Kh8 33. Qf7 Qd8 34. c7 Qc8 35. Qxf8+ Qxf8 36. Rb2 1-0

[Event "Polugaevsky Memorial 2019"]
[Site "Samara"]
[Date "2019.07.13"]
[Round "4.2"]
[White "Rodchenkov, Vitaly"]
[Black "Ovetchkin, Roman"]
[Result "1/2-1/2"]
[ECO "A05"]
[WhiteElo "2302"]
[BlackElo "2538"]
[Annotator "ChessBase"]
[PlyCount "82"]
[EventDate "2019.07.10"]
[EventType "swiss"]
[EventCountry "RUS"]
[SourceTitle "playchess.com"]
[Source "ChessBase"]
[SourceQuality "1"]
[TimeControl "5400+30"]

1. Nf3 Nf6 2. c4 g6 3. g3 Bg7 4. Bg2 O-O 5. O-O d6 6. Nc3 e5 7. d3 c6 8. Rb1 a5 9. a3 Re8 10. b4 axb4 11. axb4 d5 12. Qb3 e4 13. dxe4 dxe4 14. Rd1 Qe7 15. Nd4 Qe5 16. Na4 Nbd7 17. Bf4 Qh5 18. f3 Bh6 19. Bxh6 Qxh6 20. Nc2 Qh5 21. Rd6 exf3 22. exf3 Kg7 23. Rbd1 Re2 24. Nc3 Re7 25. Nd4 Qe5 26. Nc2 Nb6 27. c5 Nbd5 28. Nxd5 Nxd5 29. f4 Qh5 30. R1xd5 cxd5 31. Qc3+ Kh6 32. Rxd5 Bf5 33. Bf3 Qh3 34. Ne3 Rxe3 35. Qxe3 Ra1+ 36. Rd1 Ra2 37. Rd2 Ra1+ 38. Rd1 Ra2 39. Rd2 Ra1+ 40. Rd1 Ra2 41. Rd2 Ra1+ 1/2-1/2

[Event "Polugaevsky Memorial 2019"]
[Site "Samara"]
[Date "2019.07.13"]
[Round "4.3"]
[White "Utegaliyev, Azamat"]
[Black "Karpeshov, Oleg"]
[Result "1-0"]
[ECO "A36"]
[WhiteElo "2510"]
[BlackElo "2286"]
[Annotator "ChessBase"]
[PlyCount "80"]
[EventDate "2019.07.10"]
[EventType "swiss"]
[EventCountry "RUS"]
[SourceTitle "playchess.com"]
[Source "ChessBase"]
[SourceQuality "1"]
[TimeControl "5400+30"]

1. g3 g6 2. Bg2 Bg7 3. c4 c5 4. Nc3 Nc6 5. b3 e6 6. Bb2 Nge7 7. Nf3 d5 8. cxd5 exd5 9. Na4 Bxb2 10. Nxb2 Bg4 11. h3 Bxf3 12. Bxf3 Qd6 13. O-O O-O 14. Bg2 Rab8 15. e3 b5 16. Nd3 Rfc8 17. Nf4 d4 18. Qc2 Nb4 19. Qb2 d3 20. Rac1 c4 21. Qa3 Qc5 22. bxc4 bxc4 23. Rb1 a5 24. h4 Qe5 25. Qa4 Qc5 26. Rfc1 Nc2 27. Qd7 Rxb1 28. Rxb1 Qc7 29. Qa4 Qe5 30. Bh3 Nf5 31. Qd7 Rb8 32. Rxb8+ Qxb8 33. Bxf5 Qb1+ 34. Kh2 Qf1 35. Be4 Qxf2+ 36. Kh3 Ne1 37. Bd5 Qf1+ 38. Kg4 h5+ 39. Kg5 Nf3+ 40. Kf6 Ne1 1-0

[Event "Polugaevsky Memorial 2019"]
[Site "Samara"]
[Date "2019.07.13"]
[Round "4.4"]
[White "Gabrielian, Artur"]
[Black "Gusarov, Aleksey"]
[Result "1/2-1/2"]
[ECO "B31"]
[WhiteElo "2458"]
[BlackElo "2258"]
[Annotator "ChessBase"]
[PlyCount "100"]
[EventDate "2019.07.10"]
[EventType "swiss"]
[EventCountry "RUS"]
[SourceTitle "playchess.com"]
[Source "ChessBase"]
[SourceQuality "1"]
[TimeControl "5400+30"]

1. e4 c5 2. Nf3 Nc6 3. Bb5 g6 4. O-O Bg7 5. Re1 e5 6. Bxc6 dxc6 7. d3 Qc7 8. Be3 b6 9. a4 a5 10. Nbd2 Ne7 11. Nc4 h6 12. b4 b5 13. axb5 cxb5 14. Nxa5 cxb4 15. Nb3 Rxa1 16. Qxa1 Qxc2 17. Nc5 b3 18. Nd2 b2 19. Qa7 f5 20. Nb1 Kf7 21. Qa2+ Kf6 22. Na3 Qc3 23. Rb1 f4 24. Nxb5 Qc2 25. Na3 Qe2 26. Nc4 fxe3 27. Nxe3 Qd2 28. Qc4 Rd8 29. Nf1 Qa5 30. Rxb2 Rd4 31. Qc1 Rb4 32. Rc2 Kf7 33. h4 Qb5 34. Nd2 Nc6 35. Ncb3 Bd7 36. Rc5 Qb7 37. Rd5 Be8 38. Nc5 Qe7 39. Nf3 Nd4 40. Nxd4 exd4 41. h5 g5 42. Qa3 Rb1+ 43. Kh2 Be5+ 44. g3 Kg7 45. Qa2 Rc1 46. Nb3 Rc3 47. Nxd4 Bxd4 48. Rxd4 Qf6 49. Qa7+ Bf7 50. Rd5 Ra3 1/2-1/2

[Event "Polugaevsky Memorial 2019"]
[Site "Samara"]
[Date "2019.07.13"]
[Round "4.6"]
[White "Gaifullin, Artur"]
[Black "Lysenko, Margarita"]
[Result "1-0"]
[ECO "E12"]
[WhiteElo "2453"]
[BlackElo "2224"]
[Annotator "ChessBase"]
[PlyCount "119"]
[EventDate "2019.07.10"]
[EventType "swiss"]
[EventCountry "RUS"]
[SourceTitle "playchess.com"]
[Source "ChessBase"]
[SourceQuality "1"]
[TimeControl "5400+30"]

1. Nf3 Nf6 2. c4 e6 3. d4 b6 4. a3 Bb7 5. Nc3 d5 6. Qc2 Be7 7. cxd5 Nxd5 8. Bd2 Nxc3 9. Bxc3 Qd5 10. g3 Qe4 11. Qa4+ Bc6 12. Qd1 Bd5 13. Bg2 h6 14. O-O O-O 15. Re1 Nd7 16. Nh4 Qg4 17. Nf5 exf5 18. Bxd5 Rad8 19. Bf3 Qg6 20. Qa4 a5 21. b4 axb4 22. Bxb4 Bxb4 23. axb4 Nf6 24. b5 f4 25. Bg2 fxg3 26. hxg3 h5 27. e4 h4 28. Ra3 Nh5 29. Qc4 hxg3 30. fxg3 Qd6 31. Rd3 Nxg3 32. e5 Qg6 33. d5 Rfe8 34. Rd4 Nf5 35. Rg4 Qh6 36. Qe4 Ne7 37. Rh4 Qg6 38. Qf3 Nf5 39. Rg4 Qh7 40. Qf4 Nh6 41. Be4 g6 42. Rg5 Kh8 43. Rh5 gxh5 44. Bxh7 Kxh7 45. Qe4+ f5 46. Qc4 Re7 47. e6 Rg8+ 48. Kh1 Rg4 49. Qc3 Ng8 50. Qe5 Kg6 51. Rc1 Re4 52. Rg1+ Rg4 53. Rf1 Nh6 54. Rc1 Re4 55. Qg3+ Rg4 56. Qe5 Re4 57. Qh8 Rg7 58. e7 Rexe7 59. Rc6+ Kf7 60. Qxh6 1-0

[Event "Polugaevsky Memorial 2019"]
[Site "Samara"]
[Date "2019.07.14"]
[Round "5.1"]
[White "Utegaliyev, Azamat"]
[Black "Kopylov, Alexander A."]
[Result "1-0"]
[ECO "A05"]
[WhiteElo "2510"]
[BlackElo "2410"]
[Annotator "ChessBase"]
[PlyCount "59"]
[EventDate "2019.07.10"]
[EventType "swiss"]
[EventCountry "RUS"]
[SourceTitle "playchess.com"]
[Source "ChessBase"]
[SourceQuality "1"]
[TimeControl "5400+30"]

1. Nf3 Nf6 2. b4 d5 3. e3 Bg4 4. Bb2 Nbd7 5. c4 e5 6. cxd5 e4 7. h3 Bh5 8. g4 Bg6 9. Nh4 Nxd5 10. Nxg6 hxg6 11. a3 Qe7 12. d3 O-O-O 13. Bg2 Ne5 14. Bxe4 Nf6 15. Bxe5 Qxe5 16. Nd2 Nxe4 17. dxe4 g5 18. Rc1 Rh6 19. Qb3 Rf6 20. Qc3 Qxc3 21. Rxc3 Rfd6 22. Rc2 Rd3 23. Ra2 c5 24. b5 f6 25. Ke2 Kc7 26. Rc1 Kb6 27. a4 Ka5 28. Rb2 Kxa4 29. Rcb1 Rc3 30. Nc4 1-0

[Event "Polugaevsky Memorial 2019"]
[Site "Samara"]
[Date "2019.07.14"]
[Round "5.2"]
[White "Kuderinov, Kirill"]
[Black "Aukhatov, Roman"]
[Result "0-1"]
[ECO "B42"]
[WhiteElo "2439"]
[BlackElo "2119"]
[Annotator "NA"]
[PlyCount "110"]
[EventDate "2019.07.10"]
[EventType "swiss"]
[EventCountry "RUS"]
[SourceTitle "playchess.com"]
[Source "ChessBase"]
[SourceQuality "1"]
[TimeControl "5400+30"]

1. e4 c5 2. Nf3 e6 3. d4 cxd4 4. Nxd4 a6 5. Bd3 Qc7 6. O-O Nf6 7. Nc3 Nc6 8. Nxc6 bxc6 9. f4 d5 10. Kh1 Be7 $11 11. e5 Nd7 12. Na4 c5 13. c4 dxc4 14. Be4 Bb7 15. Qc2 Bd5 16. Nc3 Nb6 17. f5 Bxe4 18. Nxe4 Qxe5 19. Bf4 Qd5 20. Rad1 Qc6 21. Nd6+ Bxd6 22. Rxd6 Qb7 23. Be5 O-O 24. f6 Nd7 25. fxg7 Rfd8 26. Qd2 Qc7 27. Rd1 Re8 28. Bc3 Nb6 29. Ba5 Rab8 30. Qf2 Red8 31. Rxd8+ Rxd8 32. Rf1 Rd7 33. h3 Qd6 34. Qf3 Nd5 35. Qe4 f5 36. Qe2 Rxg7 37. Bd2 Nf6 38. Bf4 Qd5 39. Rd1 Qe4 40. Rd8+ Kf7 41. Qf2 Rg6 42. Bd6 Qd4 43. Qf3 Ne4 44. Bc7 Qxb2 45. Kg1 c3 46. Be5 Qxa2 47. Rd7+ Ke8 48. Rxh7 c2 49. Rh8+ Kf7 50. Rh7+ Kf8 51. Rh8+ Rg8 52. Bd6+ Nxd6 53. Qa8+ Ke7 54. Rh7+ Kf6 55. Rh6+ Ke5 0-1

[Event "Polugaevsky Memorial 2019"]
[Site "Samara"]
[Date "2019.07.14"]
[Round "5.3"]
[White "Shaposhnikov, Evgeny"]
[Black "Gaifullin, Artur"]
[Result "1-0"]
[ECO "B10"]
[WhiteElo "2575"]
[BlackElo "2453"]
[Annotator "ChessBase"]
[PlyCount "65"]
[EventDate "2019.07.10"]
[EventType "swiss"]
[EventCountry "RUS"]
[SourceTitle "playchess.com"]
[Source "ChessBase"]
[SourceQuality "1"]
[TimeControl "5400+30"]

1. e4 c6 2. c4 d5 3. exd5 cxd5 4. cxd5 Nf6 5. Nc3 Nxd5 6. Nf3 Nxc3 7. bxc3 g6 8. d4 Bg7 9. Bd3 O-O 10. O-O Nc6 11. Re1 Qa5 12. Bd2 e5 13. Be4 Qc7 14. Bxc6 bxc6 15. Nxe5 c5 16. Bf4 Qa5 17. Qf3 Be6 18. Nc6 Qa4 19. Bd6 Rfe8 20. Bxc5 Bc4 21. h3 f5 22. Re7 Bf6 23. Rae1 Rec8 24. R7e6 Bxe6 25. Rxe6 Bg5 26. Qd5 Kg7 27. Qe5+ Kh6 28. f4 Bh4 29. Ne7 Bxe7 30. Rxe7 Rg8 31. Qf6 Qd1+ 32. Kh2 Qh5 33. Qf7 1-0

[Event "Polugaevsky Memorial 2019"]
[Site "Samara"]
[Date "2019.07.14"]
[Round "5.4"]
[White "Goganov, Aleksey"]
[Black "Novikov, Konstantin"]
[Result "1-0"]
[ECO "A58"]
[WhiteElo "2561"]
[BlackElo "2287"]
[Annotator "ChessBase"]
[PlyCount "52"]
[EventDate "2019.07.10"]
[EventType "swiss"]
[EventCountry "RUS"]
[SourceTitle "playchess.com"]
[Source "ChessBase"]
[SourceQuality "1"]
[TimeControl "5400+30"]

1. d4 Nf6 2. c4 c5 3. d5 b5 4. cxb5 a6 5. bxa6 g6 6. Nc3 Bg7 7. e4 O-O 8. Nf3 Qa5 9. Nd2 Bxa6 10. Be2 e6 11. O-O exd5 12. e5 Nh5 13. Bxh5 Bxf1 14. Nxf1 d4 15. Nd5 Nc6 16. Nf6+ Kh8 17. Bf3 Nxe5 18. Bxa8 Rxa8 19. Ng4 Nxg4 20. Qxg4 Qe1 21. Qxd7 c4 22. Qc6 Rf8 23. Qxc4 h5 24. a4 d3 25. Qxd3 Rc8 26. Qd2 Qe4 1-0

[Event "Polugaevsky Memorial 2019"]
[Site "Samara"]
[Date "2019.07.14"]
[Round "5.5"]
[White "Zhigalko, Andrey"]
[Black "Mamatov, Melis"]
[Result "1/2-1/2"]
[ECO "C87"]
[WhiteElo "2549"]
[BlackElo "2269"]
[Annotator "ChessBase"]
[PlyCount "80"]
[EventDate "2019.07.10"]
[EventType "swiss"]
[EventCountry "RUS"]
[SourceTitle "playchess.com"]
[Source "ChessBase"]
[SourceQuality "1"]
[TimeControl "5400+30"]

1. e4 e5 2. Nf3 Nc6 3. Bb5 a6 4. Ba4 Nf6 5. O-O Be7 6. Re1 d6 7. c3 O-O 8. d4 b5 9. Bc2 Bg4 10. d5 Nb8 11. h3 Bd7 12. a4 bxa4 13. Bxa4 c6 14. Nxe5 dxe5 15. d6 Be6 16. dxe7 Qxe7 17. Qe2 Qc7 18. Bc2 a5 19. Be3 Nbd7 20. Nd2 Rfb8 21. b3 Ne8 22. Ra4 Nd6 23. Rea1 c5 24. f4 f6 25. fxe5 Nxe5 26. Qf2 Nb5 27. c4 Nd4 28. Bxd4 cxd4 29. Qxd4 Rd8 30. Qc3 Bxh3 31. Nf1 Rd3 32. Bxd3 Qc5+ 33. Kh2 Qf2 34. Kxh3 g5 35. Ng3 Qf4 36. Kh2 Ng4+ 37. Kh3 Nf2+ 38. Kh2 Ng4+ 39. Kh3 Nf2+ 40. Kh2 Ng4+ 1/2-1/2

[Event "Polugaevsky Memorial 2019"]
[Site "Samara"]
[Date "2019.07.14"]
[Round "5.6"]
[White "Ovetchkin, Roman"]
[Black "Yuferev, Oleg"]
[Result "1-0"]
[ECO "B14"]
[WhiteElo "2538"]
[BlackElo "2195"]
[Annotator "ChessBase"]
[PlyCount "87"]
[EventDate "2019.07.10"]
[EventType "swiss"]
[EventCountry "RUS"]
[SourceTitle "playchess.com"]
[Source "ChessBase"]
[SourceQuality "1"]
[TimeControl "5400+30"]

1. e4 c6 2. d4 d5 3. exd5 cxd5 4. c4 Nf6 5. Nc3 e6 6. Nf3 Be7 7. cxd5 Nxd5 8. Bd3 Nc6 9. O-O O-O 10. Re1 Ncb4 11. Bb1 Bd7 12. Ne5 Nf6 13. Bg5 Rc8 14. Re3 Nbd5 15. Nxd5 exd5 16. Nxd7 Qxd7 17. Bxf6 Bxf6 18. Bxh7+ Kxh7 19. Qh5+ Kg8 20. Rh3 Qxh3 21. Qxh3 Bxd4 22. Qb3 Bb6 23. Re1 Rfe8 24. Rxe8+ Rxe8 25. Kf1 Rd8 26. h4 d4 27. Qd3 g6 28. g4 Rd6 29. Ke2 Bd8 30. g5 Be7 31. f4 Re6+ 32. Kd1 Bc5 33. f5 gxf5 34. Qxf5 Bb4 35. a3 Re1+ 36. Kc2 Bf8 37. Qg4 Bg7 38. Qc8+ Kh7 39. Qxb7 Re2+ 40. Kd3 Re3+ 41. Kd2 Rh3 42. Qxf7 Rxh4 43. Qf5+ Kg8 44. g6 1-0